 Dungeon Crawl Stone Soup version 0.17-a0-2227-g3b849ff (webtiles) character file.

1216 Sixotanaka the Reanimator (level 8, -5/52 HPs)
             Began as a Human Necromancer on Oct 29, 2015.
             Was an Initiate of Vehumet.
             Killed from afar by Blork the orc (9 damage)
             ... with a puff of frost
             ... on level 6 of the Dungeon.
             The game lasted 00:20:02 (6942 turns).

Sixotanaka the Reanimator (Human Necromancer)       Turns: 6942, Time: 00:20:03

Health: -5/52      AC:  4    Str: 14    XL:     8   Next: 75%
Magic:  1/13       EV: 12    Int: 23    God:    Vehumet [......]
Gold:   260        SH:  0    Dex: 13    Spells: 4 memorised, 2 levels left

rFire  . . .     SeeInvis .     x - +1 rapier
rCold  . . .     Clarity  .     a - +0 robe
rNeg   . . .     SustAt   .     (no shield)
rPois  .         Gourm    .     u - +0 helmet
rElec  .         Spirit   .     g - +0 cloak
rCorr  .         Warding  .     (no gloves)
rMut   .         Stasis   .     (no boots)
MR     .....                    (no amulet)
Stlth  ++........               k - ring of wizardry
                                j - ring of wizardry

@: mighty, brilliant, regenerating (expiring), not resistant to hostile
enchantments, unstealthy
A: no striking features
a: Renounce Religion


You were on level 6 of the Dungeon.
You worshipped Vehumet.
Vehumet was noncommittal.
You were not hungry.

You visited 2 branches of the dungeon, and saw 7 of its levels.

You collected 260 gold pieces.


   Skills:
 - Level 2.0 Dodging
 - Level 2.0 Stealth
 - Level 3.4 Spellcasting
 + Level 10.2 Necromancy


You had 2 spell levels left.
You knew the following spells:

 Your Spells              Type           Power        Failure   Level  Hunger
g - Regeneration          Chrm/Necr      #####.....   1%          3    ###....
x - Vampiric Draining     Necr           ######....   1%          3    ###....
z - Pain                  Necr           ####         1%          1    None
Z - Control Undead        Necr           ######....   1%          4    ####...


Dungeon Overview and Level Annotations

Branches:
Dungeon (6/15)             Temple (1/1) D:5

Altars:
Ashenzari
Cheibriados
Dithmenos
Elyvilon
Fedhas
Gozag
Kikubaaqudgha
Makhleb
Nemelex Xobeh
Okawaru
Qazlal
Ru
Sif Muna
Trog
Vehumet
Xom
Yredelemnul
Zin
The Shining One

Annotations:
D:2 Sigmund
D:6 Blork the orc

Inventory:

Hand Weapons
 x - a +1 rapier (weapon)
Missiles
 B - 5 tomahawks of returning (quivered)
Armour
 a - a +0 robe (worn)
 g - a +0 cloak (worn)
 s - a +2 buckler
 u - a +0 helmet (worn)
Jewellery
 j - a ring of wizardry (left hand)
 k - a ring of wizardry (right hand)
 p - a +1 ring of protection {unknown}
 q - an uncursed ring of protection from magic {unknown}
Wands
 D - a wand of disintegration (10)
Scrolls
 d - 2 scrolls of enchant armour {unknown}
 e - a scroll of fear
 f - a scroll of random uselessness {unknown}
 h - 2 scrolls of remove curse {@r2}
 m - a scroll of blinking {unknown}
 n - a scroll of identify {unknown}
 o - 2 scrolls of enchant weapon
 r - 3 scrolls of amnesia {unknown}
 y - 4 scrolls of fog {unknown}
 z - 2 scrolls of teleportation {unknown}
Potions
 l - a potion of degeneration {unknown}
 v - a potion of invisibility {unknown}
 w - a potion of might
 C - a potion of resistance {unknown}
Books
 b - a book of Necromancy
Comestibles
 c - 6 bread rations
 t - 2 slices of pizza
 E - a royal jelly
 F - 7 chunks of flesh

##.#..#........
#..#o#.###.. #
#..#.....+
#.#.o###†### #....#
#).# #.##.# ##.## #.
#.# #..# #
#.#####.## #
#...@o†..#
#######..# #######
######..#####......#
.............+
.....+
#######.#.####
.....# #.#.## ......
#.#..# ##.#.
......#.# #.#.
##....#.# #...


You could see Blork the orc.


Message History

The puff of frost hits you!
* * * LOW HITPOINT WARNING * * *
Casting: Pain Your skin crawls.
Blork the orc casts a spell.
Blork the orc seems to speed up.
Found a stone staircase leading down.
Blork the orc casts a spell at you. The puff of frost hits you!
* * * LOW HITPOINT WARNING * * *
You see here a jackal corpse.
Blork the orc gestures at you while chanting.
The puff of flame hits you!
* * * LOW HITPOINT WARNING * * *
Your skin is crawling a little less now.
Blork the orc casts a spell at you. The magic dart hits you!
* * * LOW HITPOINT WARNING * * *
Blork the orc points at you and mumbles some strange words.
The puff of frost hits you!
* * * LOW HITPOINT WARNING * * *
Blork the orc casts a spell at you. The puff of frost hits you!
* * * LOW HITPOINT WARNING * * *
You see here a jackal corpse.
Drink which item? (? for menu, Esc to quit)
Okay, then.
Casting: Regeneration Your skin crawls.
Blork the orc points at you and mumbles some strange words.
The magic dart hits you!
* * * LOW HITPOINT WARNING * * *
Drink which item? (? for menu, Esc to quit)
You feel better. Blork the orc hits you with a halberd.
* * * LOW HITPOINT WARNING * * *
Casting: Regeneration You don't have enough magic to cast that spell.
Drink which item? (? for menu, Esc to quit)
You feel clever all of a sudden. Blork the orc misses you.
Blork the orc hits you with a halberd.
* * * LOW HITPOINT WARNING * * *
Casting: Regeneration
Aiming: Pain
Aim: Blork the orc, wielding a halberd and wearing a glowing robe (fast, chance to defeat MR: 84%) Blork the orc resists with significant effort.
Blork the orc barely misses you.
Casting: Pain
Aiming: Pain
Aim: Blork the orc, wielding a halberd and wearing a glowing robe (fast, chance to defeat MR: 84%) Blork the orc convulses in agony!
Blork the orc closely misses you.
You hit Blork the orc.
Blork the orc points at you and mumbles some strange words.
The magic dart hits you!
* * * LOW HITPOINT WARNING * * *
You hit Blork the orc.
Your skin is crawling a little less now.
Blork the orc suddenly grunts.
Blork the orc barely misses you. Blork the orc hits you with a halberd.
* * * LOW HITPOINT WARNING * * *
Drink which item? (? for menu, Esc to quit)
It was a potion of might.
You feel very mighty all of a sudden. Blork the orc casts a spell at you.
The puff of frost hits you!
* * * LOW HITPOINT WARNING * * *
You closely miss Blork the orc. Blork the orc completely misses you.
Blork the orc casts a spell at you. The puff of frost hits you!
You die...

Action                   |  1- 3 |  4- 6 |  7- 9 || total
-------------------------+-------+-------+-------++-------
Melee: Unarmed           |     3 |       |     5 ||     8
       Dagger            |       |     1 |       ||     1
       Rapier            |       |    30 |    63 ||    93
Throw: Throwing net      |       |     1 |       ||     1
 Cast: Pain              |    75 |   116 |    80 ||   271
       Regeneration      |     1 |     6 |     8 ||    15
       Control Undead    |       |     1 |     5 ||     6
       Vampiric Draining |       |       |    15 ||    15
  Use: Potion            |     2 |     3 |     3 ||     8
       Scroll            |       |     4 |       ||     4
 Stab: Sleeping          |     1 |     1 |     1 ||     3
  Eat: Chunk             |     4 |     8 |    10 ||    22
       Beef jerky        |       |       |     1 ||     1

Vault maps used:
D:1:      ncdulo_smallfort, serial_forest, infiniplex_forest_fountain,
          infiniplex_forest_join, infiniplex_forest_side_room,
          infiniplex_forest_corner_1, infiniplex_forest_lined_2,
          minmay_misc_feat_square
D:2:      hangedman_decor_growths, minmay_misc_feat_more_columns, minivault_26,
          serial_bayou_pond_b, trog_hazing_becter, uniq_sigmund
D:3:      corexii_shack_village, nicolae_ru_sacrificial_ziggurat
D:4:      uniq_edmund, uniq_natasha
D:5:      minmay_temple_entry_butterflies, first_bread,
          nemelex_lonely_heart_becter
D:6:      uniq_grinder, uniq_blork_the_orc, uniq_pikel
Temple:   kilobyte_greek_temple_18

Notes
Turn   | Place    | Note
--------------------------------------------------------------
     0 | D:1      | Sixotanaka the Human Necromancer began the quest for the Orb.
     0 | D:1      | Reached XP level 1. HP: 13/13 MP: 3/3
   442 | D:1      | Reached XP level 2. HP: 19/19 MP: 3/5
  1123 | D:2      | Reached XP level 3. HP: 21/24 MP: 3/6
  1180 | D:2      | Noticed Sigmund
  1243 | D:2      | HP: 6/24 [adder (2)]
  1544 | D:2      | Reached skill level 3 in Spellcasting
  1860 | D:2      | Found a bloodstained altar of Trog.
  1907 | D:2      | Learned a level 3 spell: Regeneration
  1976 | D:2      | Reached XP level 4. HP: 25/30 MP: 6/8
  2473 | D:3      | Learned a level 4 spell: Control Undead
  2511 | D:3      | Found a sacrificial altar of Ru.
  2754 | D:3      | Reached skill level 5 in Necromancy
  2754 | D:3      | Reached XP level 5. HP: 33/35 MP: 7/10
  3964 | D:4      | Reached XP level 6. HP: 41/41 MP: 9/11
  3971 | D:4      | Reached skill level 6 in Necromancy
  4061 | D:4      | Noticed an ogre
  4104 | D:4      | Killed an ogre
  4346 | D:4      | Noticed Edmund
  4402 | D:4      | Killed Edmund
  4402 | D:4      | Reached skill level 7 in Necromancy
  4402 | D:4      | Reached XP level 7. HP: 39/46 MP: 0/12
  4565 | D:4      | Noticed Natasha
  4581 | D:4      | Killed Natasha
  4660 | D:4      | Noticed Natasha
  4663 | D:4      | Killed Natasha
  4717 | D:5      | Entered Level 5 of the Dungeon
  4791 | D:5      | Reached skill level 8 in Necromancy
  5042 | D:5      | Found a staircase to the Ecumenical Temple.
  5048 | Temple   | Entered the Ecumenical Temple
  5098 | Temple   | Became a worshipper of Vehumet
  5355 | D:5      | HP: 9/46 [sky beast (6)]
  5365 | D:5      | HP: 9/46 [sky beast (4)]
  5365 | D:5      | HP: 4/46 [sky beast (5)]
  5409 | D:5      | HP: 11/46 [hound (3)]
  5461 | D:5      | Learned a level 3 spell: Vampiric Draining
  5783 | D:5      | Reached XP level 8. HP: 40/52 MP: 8/13
  5918 | D:5      | Found a sparkling altar of Nemelex Xobeh.
  5918 | D:5      | Noticed Jessica
  5924 | D:5      | Killed Jessica
  6469 | D:6      | Noticed Grinder
  6470 | D:6      | Paralysed by Grinder for 4 turns
  6479 | D:6      | Reached skill level 9 in Necromancy
  6485 | D:6      | Paralysed by Grinder for 6 turns
  6552 | D:6      | Killed Grinder
  6866 | D:6      | Reached skill level 10 in Necromancy
  6870 | D:6      | Noticed Blork the orc
  6927 | D:6      | HP: 13/52 [Blork the orc/puff of frost (10)]
  6928 | D:6      | HP: 2/52 [Blork the orc/puff of frost (12)]
  6933 | D:6      | HP: 6/52 [Blork the orc/magic dart (2)]
  6939 | D:6      | HP: 8/52 [Blork the orc/magic dart (5)]
  6941 | D:6      | HP: 3/52 [Blork the orc/puff of frost (4)]
  6942 | D:6      | Killed from afar by Blork the orc

Vanquished Creatures
  Grinder (D:6)
  Edmund (D:4)
  2 ogres
  2 giant frogs (D:6)
  A scorpion (D:5)
  2 orc priests
  3 orc wizards
  3 worker ants
  Jessica (D:5)
  A hound (D:5)
  Natasha (twice) (D:4)
  A centaur skeleton (D:4)
  A hound skeleton (D:5)
  2 shadow imps (D:5)
  10 adders
  A worm (D:5)
  23 orcs
  3 ball pythons
  5 bats
  3 giant cockroaches
  14 goblins
  15 hobgoblins
  3 jackals (D:6)
  12 kobolds
  2 quokkas
  5 giant newts
  2 jackal skeletons (D:4)
  A quokka skeleton (D:5)
  5 rats
127 creatures vanquished.

Vanquished Creatures (collateral kills)
  An adder (D:4)
1 creature vanquished.

Grand Total: 128 creatures vanquished
